AoeStats
← m_paruch

Arena

509989554Analyzed
1v1 RM · 3d ago on Sep 28, 2026· 23m 43s· 2 players
Game mode
Random Map
Map size
Tiny (2 player)
Population
200
Speed
Normal
Resources
Standard
Victory
Conquest
Starting age
Dark Age
Ending age
Imperial Age
RankedLock teamsTeams togetherTeam positionsShared explorationLock speedFull tech treeHidden civsTurbo modeCheats
Victory
Defeat
🇺🇸 Teutons · United States
359
+20
🇨🇱 Khmer · Chile
442
-26
m_paruch
5:51 Loom
11:37 Feudal Age
13:10 Wheelbarrow
12:22 Double-Bit Axe
12:22 Horse Collar
16:32 Gold Mining
18:15 Man-at-Arms
18:52 Stone Mining
20:44 Forging
20:35 Scale Mail Armor
20:35 Town Watch
22:31 Fletching
22:42 Padded Archer Armor
twilight sparkle
17:59 Feudal Age
18:43 Town Watch
22:48 Castle Age
23:18 Wheelbarrow
Connection lost

Rejoining the realm…

Still unreachable

The connection could not be restored.

Session expired

The server has moved on; the page needs a fresh start.